cohdb
Replays
Latest Replays
All Replays
Popular Replays
Top Player Replays
Match Explorer
How It Works
Community
CoH3 Stats
Reddit
Sign in to upload your games and track your stats! →
Sign in with Steam
Match 40934888
Unlisted
Match 40934888
Overview
Messages
Build Orders
End
Panzergrenadier Squad
250 Light Carrier
Panzerpioneer Squad
Selects Panzerjäger Kommand Battlegroup
Construct Light Support Kompanie
MG34 Team
Selects GrB 39 Grenade Launcher Requisition
Fire Support Elements
2.5-tonne Medical Truck
Assault Mechanized Group
Flakvierling Half-track
Pak 38 Anti-tank Gun Team
Selects Blockade Equipment
Selects Early Warning
Early Warning
Panzerpioneer Squad
Construct Mechanized Kompanie
MG34 Team
Pak 38 Mechanized Group
Selects Butterfly Bomb Drop
18-tonne Recovery Half-track
Construct Panzerarmee Kommand
Butterfly Bomb Drop
Early Warning
Selects Crew Shock Tactics
Flak 36 Anti-tank Gun Team
le.IG 18 Mechanized Group
Walking Stuka Rocket Launcher
Butterfly Bomb Drop
Panzer III L Medium Tank
yourbasicstud
OCTAVOR1
Bobby
Tyyrant
☻☻rat☻(swag)☻☻
cuy
ßoo
Nikel
0
0
Comments
sign in to comment!
No comments posted yet!